 Dungeon Crawl Stone Soup version 0.31.0-7-gf635a9b802 (webtiles) character file.

Game seed: 8452364745348985764

2783 Arcadio the Covert (level 10, -3/63 HPs)
             Began as a Kobold Brigand on Jan 23, 2024.
             Was a Believer of Dithmenos.
             Slain by an orc warrior
             ... wielding a +0 glaive
              (10 damage)
             ... in a bailey.
             The game lasted 00:15:48 (7111 turns).

Arcadio the Covert (Kobold Brigand)                 Turns: 7111, Time: 00:15:48

Health: -3/63      AC:  5    Str: 15    XL:     10   Next: 1%
Magic:  10/10      EV: 40    Int: 13    God:    Dithmenos [**....]
Gold:   455        SH:  0    Dex: 20    Spells: 9/9 levels left

rFire   . . .        D - +2 dagger (drain)
rCold   . . .        (no shield)
rNeg    . . .        b - +0 robe
rPois   .            (no helmet)
rElec   .            c - +0 cloak
rCorr   .            y - +0 pair of gloves
SInv    .            z - +0 pair of boots
Will    .....        k - amulet of the acrobat
Stlth   +++++++      l - +5 ring of evasion
HPRegen 0.30/turn    u - +6 ring of strength
MPRegen 0.12/turn

%: acrobat
@: acrobatic, hasted, wreathed by umbra, very quick
A: small, no large weapons, nightstalker 3
a: Renounce Religion, Shadow Step


You were in a bailey.
You worshipped Dithmenos.
Dithmenos was pleased with you.
You visited 2 branches of the dungeon, and saw 8 of its levels.
You also visited: Ossuary and Bailey.

You collected 455 gold pieces.

Inventory:

Hand Weapons
 a - a +2 dagger
 n - a +1 vampiric dagger
 o - a +0 dagger of protection
 s - a +2 flail of protection
 B - a +2 dagger of holy wrath
 D - a +2 dagger of draining (weapon)
Missiles
 d - 29 poisoned darts (quivered)
 e - 3 curare-tipped darts
 P - a throwing net
Armour
 b - a +0 robe (worn)
 c - a +0 cloak (worn)
 y - a +0 pair of gloves (worn)
 z - a +0 pair of boots (worn)
Jewellery
 k - an amulet of the acrobat (around neck)
 l - a +5 ring of evasion (left hand)
 u - a +6 ring of strength (right hand)
 K - a ring of ice
Wands
 C - a wand of iceblast (8)
 Q - a wand of flame (28)
Scrolls
 f - a scroll of acquirement
 g - 8 scrolls of immolation
 h - 3 scrolls of silence
 i - 2 scrolls of blinking
 j - 2 scrolls of torment {unknown}
 m - 2 scrolls of amnesia {unknown}
 p - 4 scrolls of teleportation
 q - 5 scrolls of revelation
 t - 2 scrolls of enchant armour {unknown}
 x - a scroll of poison {unknown}
 L - a scroll of enchant weapon {unknown}
 N - a scroll of vulnerability {unknown}
 O - a scroll of fog {unknown}
Potions
 v - 2 potions of curing
 w - a potion of lignification {unknown}
 A - 2 potions of haste
 E - 3 potions of cancellation
 F - a potion of invisibility {unknown}
 G - 2 potions of mutation
 H - a potion of might {unknown}
 I - 2 potions of resistance {unknown}
 J - a potion of enlightenment {unknown}
 M - a potion of attraction {unknown}
 R - a potion of brilliance {unknown}


   Skills:
 + Level 7.4 Fighting
 + Level 9.0 Short Blades
 - Level 2.1 Throwing
 + Level 7.7 Dodging
 + Level 10.7 Stealth


You had 9 spell levels left.
You didn't know any spells.
Your spell library contained the following spells:

 Spells                   Type           Power      Damage    Failure   Level
 Sting                    Conj/Alch      0%         1d3       30%         1
 Ensorcelled Hibernation  Hex/Ice        0%         N/A       43%         2
 Mercury Vapours          Alch/Air       0%         N/A       43%         2
 Fugue of the Fallen      Necr           0%         N/A       67%         3
 Passwall                 Erth           0%         N/A       67%         3
 Swiftness                Air            0%         N/A       67%         3
 Anguish                  Hex/Necr       0%         N/A       97%         4
 Olgreb's Toxic Radiance  Alch           0%         N/A       97%         4


Dungeon Overview and Level Annotations

Branches:
Dungeon (7/15)             Temple (1/1) D:5         Ossuary (visited)
 Bailey (1/1)

Altars:
Ashenzari
Cheibriados
Dithmenos
Elyvilon
Fedhas
Gozag
Hepliaklqana
Kikubaaqudgha
Makhleb
Nemelex Xobeh
Okawaru
Qazlal
Sif Muna
Trog
Uskayaw
Vehumet
Wu Jian
Xom
Yredelemnul
Zin
The Shining One

Annotations:
D:6 3 runed translucent doors
D:7 Jeremiah


Innate Abilities, Weirdness & Mutations

You are small and have problems with some larger weapons.
You are completely attuned to the shadows.


Message History

The orc warrior misses you.
You open the door.
An orc warrior comes into view. It is wielding a +0 glaive.
The orc warrior shouts!
The orc warrior misses you. The orc warrior completely misses you.
The orc warrior attacks as it pursues you!
The orc warrior completely misses you. The orc warrior closely misses you.
You feel yourself speed up. The orc warrior closely misses you.
The orc knight misses you.
The orc warrior completely misses you. x2
You hit the orc warrior. You drain the orc warrior.
The orc warrior is lightly wounded.
You closely miss the orc warrior.
The orc warrior is lightly wounded.
The orc knight hits you with a +0 halberd!!
The orc warrior hits you with a +0 trident.
You barely miss the orc warrior.
The orc warrior is lightly wounded.
The orc warrior misses you.
You closely miss the orc warrior.
The orc warrior is lightly wounded.
You hit the orc warrior but do no damage.
The orc warrior is lightly wounded.
The orc warrior no longer looks unusually strong.
The orc knight completely misses you. The orc warrior misses you.
The orc warrior hits you from afar with a +0 glaive!
The orc warrior closely misses you.
You hit the orc warrior.
The orc warrior is moderately wounded.
You closely miss the orc warrior.
The orc warrior is moderately wounded.
The orc knight roars a battlecry!
The orc warriors go into a battle-frenzy!
The orc warrior hits you from afar with a +0 glaive!!
* * * LOW HITPOINT WARNING * * *
The orc warrior no longer looks unusually strong.
The orc warrior closely misses you. The orc warrior completely misses you.
The orc warrior misses you.
There is an open door here.
The orc warrior hits you with a +0 glaive!
You die...

.....≈#∩.
.....≈##.
#########...≈≈≈.
##.......##......
##..#+#'#..##.....
#..## #.##..#.....
#.### #####.##....
#.')#?.)# +.##....
#@###._.###.##....
#o'.#...#)'.##....
#o####o####.##....
#oo##o:∩##..##....
##.o#'''##........
##.....##........
##....##...)≈≈≈.
#######....≈##.
.....≈#∩.


You could see an orc knight and 3 orc warriors.

Vanquished Creatures
  Menkaure (D:7)
  3 orc warriors
  3 ice beasts
  2 black bears
  An ogre (D:6)
  2 centaurs
  A phantom (D:6)
  A weeping skull (Ossuary)
  A bullfrog (D:5)
  4 scorpions
  2 gnoll sergeants
  A burial acolyte (Ossuary)
  A howler monkey (D:5)
  A bombardier beetle (D:6)
  A centaur zombie (Ossuary)
  2 gnoll boudas
  A hound (D:6)
  3 jellies
  4 orc priests
  3 iguanas
  2 sleepcaps
  Ijyb (D:3)
  3 orc wizards (D:6)
  4 mummies (Ossuary)
  Robin (D:2)
  16 gnolls
  4 adders
  3 shadow imps
  8 ribbon worms
  2 dart slugs
  28 orcs
  5 ball pythons
  4 bats (D:1)
  8 endoplasms
  7 giant cockroaches
  3 gnoll zombies (Ossuary)
  15 goblins
  13 hobgoblins
  2 jackals (D:5)
  7 kobolds
  2 quokkas
  6 frilled lizards
  4 kobold zombies (Ossuary)
  2 quokka zombies (D:4)
  12 rats
200 creatures vanquished.

Notes
Turn   | Place    | Note
-------+----------+-------------------------------------------
     0 | D:1      | Arcadio the Kobold Brigand began the quest for the Orb.
     0 | D:1      | Reached XP level 1. HP: 12/12 MP: 1/1
   305 | D:1      | Reached XP level 2. HP: 18/18 MP: 2/2
   623 | D:1      | Reached XP level 3. HP: 22/22 MP: 3/3
   757 | D:1      | Found a faded altar of an unknown god.
  1240 | D:2      | Reached skill level 6 in Stealth
  1240 | D:2      | Reached XP level 4. HP: 28/28 MP: 4/4
  1265 | D:2      | Noticed Robin
  1297 | D:2      | Killed Robin
  1467 | D:2      | Reached XP level 5. HP: 32/32 MP: 5/5
  1537 | D:2      | Found a hide-covered altar of Uskayaw.
  2099 | D:3      | Noticed Ijyb
  2103 | D:3      | Killed Ijyb
  2674 | D:3      | Found a sparkling altar of Nemelex Xobeh.
  2762 | D:4      | Found a sand-covered staircase.
  2782 | Ossuary  | Entered an ossuary
  2814 | Ossuary  | Reached XP level 6. HP: 37/37 MP: 6/6
  2956 | Ossuary  | Reached skill level 7 in Stealth
  3062 | Ossuary  | Reached skill level 5 in Short Blades
  3062 | Ossuary  | Reached XP level 7. HP: 43/43 MP: 7/7
  4284 | D:4      | Reached XP level 8. HP: 48/48 MP: 8/8
  4406 | D:5      | Entered Level 5 of the Dungeon
  4482 | D:5      | Reached skill level 5 in Fighting
  4482 | D:5      | Reached skill level 8 in Stealth
  4525 | D:5      | Reached skill level 5 in Dodging
  4769 | D:5      | Found a staircase to the Ecumenical Temple.
  4789 | Temple   | Entered the Ecumenical Temple
  4816 | Temple   | Became a worshipper of Dithmenos the Shadowed
  5563 | D:6      | Reached skill level 9 in Stealth
  5678 | D:6      | Found a runed translucent gate.
  5678 | D:6      | Found a runed translucent gate.
  5678 | D:6      | Found a runed translucent gate.
  5681 | D:6      | Found an opulent altar of Gozag.
  5734 | D:6      | Reached XP level 9. HP: 55/55 MP: 9/9
  6034 | D:6      | Reached * piety under Dithmenos
  6217 | D:6      | Reached skill level 10 in Stealth
  6242 | D:6      | Found a glowing silver altar of Zin.
  6584 | D:7      | Found a white marble altar of Elyvilon.
  6740 | D:7      | Noticed Menkaure
  6750 | D:7      | Noticed Jeremiah
  6760 | D:7      | Killed Menkaure
  6760 | D:7      | Reached ** piety under Dithmenos
  6954 | D:7      | Found a flagged portal.
  6976 | Bailey   | Entered a bailey
  7079 | Bailey   | Reached XP level 10. HP: 63/63 MP: 10/10
  7089 | Bailey   | Noticed an orc knight
  7111 | Bailey   | Slain by an orc warrior

Illustrated notes

Levels and vault maps discovered:
D:1:      nagdon_arrival_double_spiral, layout_loops_corners,
          hellmonk_ecumenical_altar_run_dry, minmay_misc_feat_columns,
          chequers_big_river
D:2:      cheibrodos_pilgrimage, layout_loops_ring, basic_altar, minmay_between,
          uniq_robin
D:3:      layout_basic, nemelex_dance_club_becter, uniq_ijyb
D:4:      layout_basic, enter_ossuary_4, nicolae_wormholes
D:5:      layout_loops_corners, minmay_temple_entry_waves, minmay_lizard_king
D:6:      layout_loops_ring, mainiacjoe_overflow_alcove_1, ebering_ghost_gozag,
          grunt_ministairs_2
D:7:      layout_rooms, mainiacjoe_overflow_six_doors_small, enter_bailey_5,
          nicolae_zig_zag_zippers, uniq_jeremiah, uniq_menkaure
Temple:   nicolae_temple_bog_church
Bailey:   bailey_polearm_2, bailey

Skill      XL: |  1  2  3  4  5  6  7  8  9 |
---------------+----------------------------+-----
Short Blades   | 3 4 5 6 7 9 |  9.0
Dodging        | 2 3 4 6 7 |  7.7
Fighting       | 3 4 6 7 |  7.4
Stealth        | 6 7 9 10 | 10.7
Throwing       | |  2.1

Action                     |  1- 3 |  4- 6 |  7- 9 | 10-12 || total
---------------------------+-------+-------+-------+-------++-------
  Melee: Dagger            |    84 |   250 |   381 |     8 ||   723
         Punch             |       |       |     5 |       ||     5
    Use: Scroll            |       |     2 |     7 |       ||     9
         Potion            |       |     2 |     1 |     1 ||     4
   Stab: Sleeping          |    17 |    17 |    40 |       ||    74
         Distracted        |       |     2 |     3 |       ||     5
 Armour: Robe              |    18 |    50 |    53 |     5 ||   126
  Dodge: Dodged            |    47 |   222 |   304 |    22 ||   595
